 Dungeon Crawl Stone Soup version 0.27-a0-780-geb8d7bc690 (webtiles) character file.

Game seed: 9335304469645044821

128 Essalna the Ducker (level 5, 0/39 HPs)
             Began as a Djinni Venom Mage on Mar 26, 2021.
             Slain by a black bear (2 damage)
             ... on level 4 of the Dungeon.
             The game lasted 00:06:34 (3191 turns).

Essalna the Ducker (Djinni Venom Mage)              Turns: 3191, Time: 00:06:34

Health: 0/39       AC:  5    Str:  7    XL:     5   Next: 12%
Gold:   179        EV: 13    Int: 24    God:
                   SH:  0    Dex: 13

rFire    + + .     SeeInvis .   m - +3 short sword (freeze)
rCold    x . .     Faith    .   (no shield)
rNeg     . . .     Spirit   .   a - +0 robe
rPois    ∞         Reflect  .   r - +2 helmet
rElec    .         Harm     .   (no cloak)
rCorr    .         Rampage  .   (no gloves)
Will     .....                  (boots unavailable)
Stlth    ++........             (no amulet)
HPRegen  0.13/turn              b - +6 ring of intelligence
MPRegen  0.00/turn              (no ring)

@: flying
A: fire resistance 2, cold vulnerability 1, float, innate caster, hp casting,
extra vitality 1
a: no special abilities


You were on level 4 of the Dungeon.
You visited 1 branch of the dungeon, and saw 4 of its levels.

You collected 179 gold pieces.

Inventory:

Hand Weapons
 m - a +3 short sword of freezing (weapon)
Armour
 a - a +0 robe (worn)
 r - a +2 helmet (worn)
Magical Staves
 c - a staff of air
 h - a staff of conjuration
Jewellery
 b - a +6 ring of intelligence (right hand)
Scrolls
 d - a scroll of magic mapping {unknown}
 f - 3 scrolls of identify {unknown}
 i - a scroll of acquirement {unknown}
 j - a scroll of torment {unknown}
 k - a scroll of vulnerability {unknown}
 o - a scroll of amnesia {unknown}
 p - a scroll of fog {unknown}
 q - a scroll of silence {unknown}
Potions
 e - 2 potions of curing {unknown}
 g - a potion of haste {unknown}
 l - a potion of brilliance {unknown}
 n - a potion of flight {unknown}


   Skills:
 + Level 2.3 Fighting
 + Level 3.7 Dodging
 - Level 1.5 Stealth
 + Level 3.5 Spellcasting


You couldn't memorise any spells.
You knew the following spells:

 Your Spells              Type           Power      Damage    Failure   Level
a - Sting                 Tmut/Pois      84%        1d7       2%          1
b - Poisonous Vapours     Pois/Air       42%        N/A       3%          2
c - Mephitic Cloud        Conj/Pois/Air  21%        N/A       7%          3
d - Ignite Poison         Fire/Tmut/Pois 21%        N/A       7%          3
e - Olgreb's Toxic Radia  Pois           21%        N/A       24%         4
f - Beastly Appendage     Tmut           42%        N/A       2%          1
g - Slow                  Hex            21%        N/A       3%          2
Your spell library was empty.

Dungeon Overview and Level Annotations

Branches:
Dungeon (4/15)
 Temple: D:4-7

Altars:
Dithmenos

Shops:
D:2 ?


Innate Abilities, Weirdness & Mutations

You are immune to poison.
Your flesh is very heat resistant. (rF++)
You are vulnerable to cold. (rC-)
You float through the air rather than walking.
You learn spells naturally, not from books.
Your magical power is your life essence.
You have superior vitality. (+4 HP)


Message History

The black bear bites you but does no damage.
The black bear claws you but does no damage. x2
The sting misses the black bear.
The black bear bites you. The black bear claws you.
The black bear claws you but does no damage.
The sting misses the black bear.
The black bear bites you. The black bear claws you.
The black bear claws you but does no damage.
You are too injured to fight recklessly!
You are too injured to fight recklessly!
You are too injured to fight recklessly!
You are too injured to fight recklessly!
You closely miss the black bear.
The black bear is heavily wounded.
The black bear bites you. The black bear claws you.
The black bear claws you but does no damage.
The black bear bites you.
The black bear claws you but does no damage.
The black bear claws you.
The black bear goes berserk!
Casting: Sting (safe; 2% risk of failure)
Confirm with . or Enter, or press ? or * to list all spells.
Aiming: Sting (safe; 2% risk of failure)
Press: ? - help, Shift-Dir - straight line, f/p - black bear
Aim: a black bear (severely wounded, berserk, poisoned, 18% to evade)
The sting hits the black bear.
The black bear looks even sicker.
The black bear is almost dead.
Casting: Sting (safe; 2% risk of failure)
Confirm with . or Enter, or press ? or * to list all spells.
Aiming: Sting (safe; 2% risk of failure)
Press: ? - help, Shift-Dir - straight line, f/p - black bear
Aim: a black bear (almost dead, berserk, very poisoned, 18% to evade)
The sting misses the black bear.
The black bear bites you but does no damage.
The black bear claws you.
* * * LOW HITPOINT WARNING * * *
The black bear claws you.
* * * LOW HITPOINT WARNING * * *
The black bear bites you.
You die...

###############
........h@....#
.#####.#####.#
#.# #.# #.# #.#
#.# #.# #.# #.#
..# #.# ### #.#
#.#


You could see a black bear (berserk, very poisoned).

Vanquished Creatures
  A hound (D:4)
  Robin (D:3)
  3 adders (D:2)
  A worm (D:4)
  A dart slug (D:3)
  5 bats
  5 endoplasms
  2 giant cockroaches
  6 goblins
  9 hobgoblins
  3 kobolds
  2 quokkas (D:1)
  4 ball pythons
  5 frilled lizards
  4 rats
52 creatures vanquished.

Notes
Turn   | Place    | Note
-------+----------+-------------------------------------------
     0 | D:1      | Essalna the Djinni Venom Mage began the quest for the Orb.
     0 | D:1      | Reached XP level 1. HP: 15/15 MP: 0/0
   448 | D:1      | Reached XP level 2. HP: 20/22 MP: 0/0
   604 | D:1      | Reached skill level 1 in Fighting
  1373 | D:2      | Reached XP level 3. HP: 20/27 MP: 0/0
  1373 | D:2      | Learned a level 1 spell: Beastly Appendage
  1555 | D:2      | Found Waddaler's Magic Scroll Emporium.
  2163 | D:3      | Reached XP level 4. HP: 27/33 MP: 0/0
  2404 | D:3      | Found a shadowy altar of Dithmenos.
  2505 | D:3      | Noticed Robin
  2512 | D:3      | Killed Robin
  3069 | D:4      | Reached XP level 5. HP: 30/39 MP: 0/0
  3069 | D:4      | Learned a level 2 spell: Slow
  3179 | D:4      | Noticed a black bear
  3191 | D:4      | Slain by a black bear

Illustrated notes

Levels and vault maps discovered:
D:1:      lightli_molten_gateway, layout_rooms, minmay_hexomino_c4
D:2:      layout_basic, serial_shops, shop, kennysheep_another_room
D:3:      layout_basic, nicolae_dithmenos_through_a_glass_darkly, uniq_robin
D:4:      layout_loops_ring, kennysheep_small_square, uniq_crazy_yiuf_cottage

Skill      XL: |  1  2  3  4 |
---------------+-------------+-----
Fighting       | 1 2 |  2.3
Spellcasting   | 3 |  3.5
Dodging        | 3 |  3.7
Stealth        | |  1.5

Action                   |  1- 3 |  4- 6 || total
-------------------------+-------+-------++-------
Melee: Staff             |    28 |       ||    28
       Short sword       |       |     6 ||     6
 Cast: Sting             |    57 |    48 ||   105
Armor: Robe              |    17 |    12 ||    29
Dodge: Dodged            |    42 |    14 ||    56

Table legend: (Time is in decaauts)
 A = Elapsed time spent in this place.
 B = Non-inter-level travel time spent in this place.
 C = Inter-level travel time spent in this place.
 D = Time resting spent in this place.
 E = Time spent auto-exploring this place.
 F = Levels seen in this place.
 G = Mean time per level.
                   A        B        C        D        E       F      G
               +--------+--------+--------+--------+--------+-----+--------+
         Total |   3195 |   3138 |     57 |    123 |   2584 |   4 |  798.8 |
       Dungeon |   3195 |   3138 |     57 |    123 |   2584 |   4 |  798.8 |
               +--------+--------+--------+--------+--------+-----+--------+

Top non-repeatable levels by time:
     D:2: 1166 daAuts
     D:1: 968 daAuts
     D:3: 636 daAuts
     D:4: 424 daAuts
